cohdb
Replays
Latest Replays
All Replays
Popular Replays
Top Player Replays
Match Explorer
How It Works
Community
CoH3 Stats
Reddit
Sign in to upload your games and track your stats! →
Sign in with Steam
Match 41233864
Unlisted
Match 41233864
Overview
Messages
Build Orders
End
Construct Barracks
1⁄4-ton 4x4 Truck
Selects Heavy Weapons
Riflemen Squad
Riflemen Squad
Riflemen Squad
Mechanized Support Center
Engineer Squad
Designate Forward Repair Station
Construct Motor Pool
Selects M2HB .50cal Heavy Machine Gun
TantheMan415
Steiner BG
aSIISpanky
Leiarde
0
0
Comments
sign in to comment!
No comments posted yet!